 Dungeon Crawl Stone Soup version 0.29.0-4-gdea44cf6ec (webtiles) character file.

Game seed: 14964534515511679880

22 qw the Chopper (level 2, 0/17 HPs)
             Began as a Tengu Warper on Aug 28, 2022.
             Succumbed to their own poison gas
             ... on level 2 of the Dungeon.
             The game lasted 00:00:07 (1463 turns).

qw the Chopper (Tengu Warper)                       Turns: 1463, Time: 00:00:08

Health: 0/17       AC:  9    Str: 11    XL:     2   Next: 91%
Magic:  6/6        EV:  5    Int: 13    God:
Gold:   93         SH:  0    Dex: 13    Spells: 5/5 levels left

rFire   . . .      SeeInvis .   Y - +0 hand axe
rCold   . . .      Faith    .   (no shield)
rNeg    . . .      Spirit   .   f - +0 chain mail
rPois   .          Reflect  .   (helmet restricted)
rElec   .          Harm     .   g - +0 cloak
rCorr   .          Rampage  .   (no gloves)
Will    .....                   (boots unavailable)
Stlth   ..........              (no amulet)
HPRegen 0.05/turn               (no ring)
MPRegen 0.10/turn               (no ring)

@: lethally poisoned (0 -> -15), hasted, very quick
A: beak, talons 3
a: no special abilities


You were on level 2 of the Dungeon.
You visited 1 branch of the dungeon, and saw 2 of its levels.

You collected 93 gold pieces.


Innate Abilities, Weirdness & Mutations

You have a beak for a mouth.
You have claws for feet.


   Skills:
 - Level 2.0 Fighting
 + Level 3.6 Axes
 - Level 1.0 Throwing
 - Level 1.1 Armour
 - Level 2.1 Dodging
 - Level 2.0 Spellcasting
 - Level 2.4 Translocations


You had 5 spell levels left.
You didn't know any spells.
Your spell library contained the following spells:

 Spells                   Type           Power      Damage    Failure   Level
 Blink                    Tloc           14%        N/A       100%        2
 Gell's Gravitas          Tloc           7%         N/A       100%        3
 Lesser Beckoning         Tloc           7%         N/A       100%        3
 Teleport Other           Tloc           7%         N/A       100%        3
 Manifold Assault         Tloc           7%         N/A       100%        5

Inventory:

Hand Weapons
 l - a +0 whip
 Y - a +0 hand axe (weapon)
Armour
 f - a +0 chain mail (worn)
 g - a +0 cloak (worn)
Potions
 b - a potion of resistance {unknown}
 c - a potion of haste
 d - a potion of curing {unknown}
 e - a potion of experience {unknown}
 h - a potion of lignification {unknown}

Dungeon Overview and Level Annotations

Branches:
Dungeon (2/15)

Altars:


Message History

Enter note:
There is an open door here.
There is a stone staircase leading down here.
You open the door. As you open the door, it creaks loudly!
There is an open door here.
Found 2 stones.
Enter note: A kobold comes into view. It is wielding a +0 whip.
The kobold shouts!
The kobold moves out of view.
A frilled lizard comes into view.
Found 7 stones.
The frilled lizard hisses angrily.
The frilled lizard moves out of view.
A kobold is nearby!
1457 ||| READING scroll labelled QYOGEKL CAZAXA.
The air fills with toxic fumes!
As you read the scroll labelled QYOGEKL CAZAXA, it crumbles to dust.
It was a scroll of poison.
There are monsters nearby!
1458 ||| READING scroll labelled QACARGH EGEHO.
As you read the scroll labelled QACARGH EGEHO, it crumbles to dust.
It is a scroll of amnesia.
You feel forgetful for a moment.
There are monsters nearby!
1459 ||| DRINKING 2 dark potions.
It was a potion of haste.
You feel yourself speed up.
There are monsters nearby!
There are monsters nearby!
1460 ||| Stepping randomly (stuck).
Really walk into that cloud of poison gas?
You are engulfed in poison gas.
You are lethally poisoned!
You feel very sick.
1461 ||| Stepping ~*~*~tactically~*~*~ (cloud).
You feel very sick.
There is a lethal amount of poison in your body!
You feel sick.
There is a lethal amount of poison in your body!
You die...

#.#.# #.# .##
#..........#
#.#.###.#
..##.##########
#.#....## #
..(#.# #.######
. #(##..#¤# #.#
.¤ #...l##¤#
#.#
.¤¤######0¤#
###
#¤¤0¤0¤¤¤¤¤#
#¤¤¤0¤¤¤¤#
####¤@¤¤##
.¤¤¤¤¤#####
.¤####...
#.......
..........
...######..# ..
#. .K##.# # #..
.#


You could see a kobold and a frilled lizard.

Vanquished Creatures
  A dart slug (D:2)
  4 endoplasms
  3 goblins
  2 hobgoblins (D:1)
  3 bats (D:1)
  A frilled lizard (D:2)
  2 kobolds (D:1)
  5 rats (D:1)
21 creatures vanquished.

Vanquished Creatures (others)
  A plant (D:1)
1 creature vanquished.

Grand Total: 22 creatures vanquished

Notes
Turn   | Place    | Note
-------+----------+-------------------------------------------
     0 | D:1      | qw the Tengu Warper began the quest for the Orb.
     0 | D:1      | Reached XP level 1. HP: 12/12 MP: 4/4
     0 | D:1      | 0 ||| qw: Version: 0.1-a-89-g26bdef1
     0 | D:1      | 0 ||| qw: Game counter: 2154
     0 | D:1      | 0 ||| qw: Always use a shield: true
     0 | D:1      | 0 ||| qw: God list: Okawaru
     0 | D:1      | 0 ||| qw: Allow faded altars: false
     0 | D:1      | 0 ||| qw: Do Orc after D:15 true
     0 | D:1      | 0 ||| qw: Do second Lair branch before Depths: true
     0 | D:1      | 0 ||| qw: Lair rune preference: random
     0 | D:1      | 0 ||| qw: Plans: Normal
     0 | D:1      | 0 ||| PLANNING D:1-11
   149 | D:1      | Reached XP level 2. HP: 12/17 MP: 6/6
   151 | D:1      | Reached skill level 3 in Axes
   377 | D:1      | 377 ||| DROPPING +0 club.
   802 | D:1      | 802 ||| UPGRADING to +0 chain mail.
   812 | D:1      | 812 ||| DROPPING +0 leather armour.
   813 | D:1      | 813 ||| UPGRADING to +0 cloak.
   818 | D:1      | 818 ||| READING scroll labelled UMOACZI RUEXT.
   819 | D:1      | 819 ||| READING 2 scrolls labelled QARAVU LIOS.
   820 | D:1      | 820 ||| READING scroll labelled SONOALOMAMP.
   821 | D:1      | 821 ||| READING scroll labelled NOAQAUMUTA.
   822 | D:1      | 822 ||| DROPPING scroll of blinking.
   823 | D:1      | 823 ||| DROPPING scroll of noise.
  1063 | D:2      | 1063 ||| Stepping ~*~*~tactically~*~*~ (hiding).
  1457 | D:2      | 1457 ||| READING scroll labelled QYOGEKL CAZAXA.
  1458 | D:2      | 1458 ||| READING scroll labelled QACARGH EGEHO.
  1459 | D:2      | 1459 ||| DRINKING 2 dark potions.
  1460 | D:2      | 1460 ||| Stepping randomly (stuck).
  1461 | D:2      | 1461 ||| Stepping ~*~*~tactically~*~*~ (cloud).
  1461 | D:2      | HP: 4/17 [poisoned by you (poison gas)]
  1463 | D:2      | Succumbed to their own poison gas

Levels and vault maps discovered:
D:1:      kennysheep_arrival_seaside, layout_rooms, reono_crystal_passage,
          chequers_serial_rivers_micro_d, serial_bayou_lake_a
D:2:      layout_loops_corners, shapermc_ecumenical_altar_mp_vishouse,
          minmay_puff

Skill      XL: |  1  2 |
---------------+-------+-----
Axes           | 3 |  3.6
Fighting       | |  2.0
Throwing       | |  1.0
Armour         | |  1.1
Dodging        | |  2.1
Spellcasting   | |  2.0
Translocations | |  2.4

Action                   || total
-------------------------++-------
Melee: Hand axe          ||    30
       Peck              ||     5
       Kick              ||     7
Throw: Boomerang         ||     7
  Use: Scroll            ||     6
       Potion            ||     1
Armor: Leather armour    ||     6
       Chain mail        ||     5
Dodge: Dodged            ||     6

Table legend:
 A = Non-vault XP
 B = Vault XP
 C = Vault XP percentage of total XP
 D = Non-vault monster count
 E = Vault monster count
 F = Vault count percentage of total count
                 A         B        C        D         E       F
            +---------+---------+-------+---------+---------+-------
      Total |      32 |       0 |   0.0 |      21 |       0 |   0.0
            +---------+---------+-------+---------+---------+-------
        D:1 |      23 |       0 |   0.0 |      17 |       0 |   0.0
        D:2 |       9 |       0 |   0.0 |       4 |       0 |   0.0
            +---------+---------+-------+---------+---------+-------
